 Dungeon Crawl Stone Soup version 0.24.1-5-g77f818bfca (webtiles) character file.

Game seed: 16080698801608888591, levelgen mode: deterministic

72 H0rd4k the Magician (level 4, 0/24 HPs)
             Began as a Deep Elf Wizard on Apr 23, 2020.
             Slain by a goblin
             ... wielding a +0 club
             ... led by Robin
              (1 damage)
             ... on level 2 of the Dungeon.
             The game lasted 00:04:36 (1780 turns).

H0rd4k the Magician (Deep Elf Wizard)               Turns: 1780, Time: 00:04:37

Health: 0/24       AC:  2    Str:  4    XL:     4   Next: 7%
Magic:  14/14      EV: 13    Int: 24    God:
Gold:   32         SH:  0    Dex: 13    Spells: 14/15 levels left

rFire    . . .     SeeInvis .   (no weapon)
rCold    . . .     Gourm    .   (no shield)
rNeg     . . .     Faith    .   a - +0 robe
rPois    .         Spirit   .   b - +0 hat
rElec    .         Reflect  .   (no cloak)
rCorr    .         Harm     .   (no gloves)
MR       .....                  (no boots)
Stlth    ++........             (no amulet)
HPRegen  0.08/turn              (no ring)
MPRegen  0.14/turn              (no ring)

@: no status effects
A: no striking features
a: no special abilities


You were on level 2 of the Dungeon.
You were not hungry.

You visited 1 branch of the dungeon, and saw 2 of its levels.

You collected 32 gold pieces.

Inventory:

Hand Weapons
 c - a +5 dagger
Missiles
 o - 3 poisoned darts (quivered)
Armour
 a - a +0 robe (worn)
 b - a +0 hat (worn)
Potions
 f - a potion of cancellation {unknown}
 h - a potion of invisibility {unknown}
 i - a potion of haste {unknown}
 n - a potion of ambrosia {unknown}
Comestibles
 d - 2 rations
 j - a chunk of flesh


   Skills:
 + Level 2.5 Dodging
 + Level 2.7 Stealth
 + Level 6.3 Spellcasting
 + Level 1.8 Conjurations
   Level 1.1 Summonings
   Level 1.1 Translocations


You had 14 spell levels left.
You knew the following spells:

 Your Spells              Type           Power        Failure   Level  Hunger
a - Magic Dart            Conj           ###.         3%          1    None

Your spell library contained the following spells:

 Spells                   Type           Power        Failure   Level  Hunger
 Blink                    Tloc           N/A          8%          2    None
 Call Imp                 Summ           ##......     8%          2    None
 Slow                     Hex            #.......     12%         2    None
 Conjure Flame            Conj/Fire      ##......     16%         3    None
 Mephitic Cloud           Conj/Pois/Air  ##......     19%         3    None


Dungeon Overview and Level Annotations

Branches:
Dungeon (2/15)

Altars:

Annotations:
D:2 Robin, Terence


Message History

The goblin closely misses you.
Throwing (i - inventory)
o - 5 poisoned darts (quivered)
Press: ? - help, Shift-Dir - straight line, f - goblin, p - goblin
Aim: a goblin You throw a poisoned dart.
The poisoned dart hits the goblin.
The goblin is poisoned.
The goblin hits you but does no damage. The hobgoblin barely misses you.
The goblin closely misses you. The goblin hits you but does no damage.
The goblin barely misses you.
Throwing (i - inventory)
o - 4 poisoned darts (quivered)
Press: ? - help, Shift-Dir - straight line, f - hobgoblin, p - goblin
Aim: a hobgoblin You throw a poisoned dart.
The poisoned dart hits the hobgoblin.
The goblin hits you with a +0 dagger.
* * * LOW HITPOINT WARNING * * *
The hobgoblin hits you.
* * * LOW HITPOINT WARNING * * *
The goblin hits you.
* * * LOW HITPOINT WARNING * * *
The goblin closely misses you. The goblin hits you with a +0 club.
You die...

#..#.#
#..#.#
...... .#
#..#.#
...... .#
#..#.#
.?....##.###
#..#.#
...........#
#..#.#
...g.g...#
รท..#.#
.gggg..#
##'#.#
#ggg..#
#[.#.#
#g@gg.#
#8.#.#
#######
##.#.#
##.#.##
##.#..#
#..##.#
#8.##.# ..
##.##.# .#
##.##.# .#


You could see Robin, 3 hobgoblins and 8 goblins.

Vanquished Creatures
  2 adders (D:2)
  An ooze (D:2)
  2 worms (D:2)
  2 leopard geckos (D:2)
  A ball python (D:1)
  A giant cockroach (D:1)
  7 goblins
  3 hobgoblins (D:1)
  10 kobolds
  7 bats
  A frilled lizard (D:1)
  4 rats (D:1)
41 creatures vanquished.

Notes
Turn   | Place    | Note
-------+----------+-------------------------------------------
     0 | D:1      | H0rd4k the Deep Elf Wizard began the quest for the Orb.
     0 | D:1      | Reached XP level 1. HP: 10/10 MP: 7/7
   275 | D:1      | Reached skill level 5 in Spellcasting
   275 | D:1      | Reached XP level 2. HP: 9/15 MP: 7/10
   919 | D:2      | Reached XP level 3. HP: 19/19 MP: 7/12
  1124 | D:2      | Reached skill level 6 in Spellcasting
  1590 | D:2      | Reached XP level 4. HP: 17/24 MP: 7/14
  1744 | D:2      | Noticed Terence
  1773 | D:2      | Noticed Robin
  1780 | D:2      | HP: 1/24 [goblin[Robin] (1)]
  1780 | D:2      | Slain by a goblin

Levels and vault maps discovered:
D:1:      dpeg_arrival_triangle_fractal, layout_loops_ring, minmay_tetromino_l2
D:2:      wad_river_or_something, layout_basic, tso_altar, uniq_terence,
          uniq_robin

Skill      XL: |  1  2  3 |
---------------+----------+-----
Spellcasting   | 5 6 |  6.3
Dodging        | |  2.5
Stealth        | |  2.7
Conjurations   | |  1.8
Summonings     | |  1.1
Translocations | |  1.1

Action                   |  1- 3 |  4- 6 || total
-------------------------+-------+-------++-------
Throw: Dart              |       |     4 ||     4
 Cast: Magic Dart        |   103 |    11 ||   114
  Use: Scroll            |       |     4 ||     4
       Potion            |       |     1 ||     1
  Eat: Chunk             |     2 |       ||     2
Armor: Robe              |     4 |     5 ||     9
Dodge: Dodged            |    12 |    27 ||    39
